 Dungeon Crawl Stone Soup version 0.22-a0-580-gd5db89c (webtiles) character file.

107 Kidiri the Magician (level 4, -1/24 HPs)
             Began as a Deep Elf Fire Elementalist on July 3, 2018.
             Slain by a sky beast (2 damage)
             ... on level 2 of the Dungeon.
             The game lasted 00:05:26 (1501 turns).

Kidiri the Magician (Deep Elf Fire Elementalist)    Turns: 1501, Time: 00:05:27

Health: -1/24      AC:  7    Str:  3    XL:     4   Next: 57%
Magic:  8/12       EV: 13    Int: 21    God:
Gold:   63         SH:  0    Dex: 15    Spells: 4/13 levels left

rFire    + . .     SeeInvis .   n - +1 dagger (speed)
rCold    + . .     Gourm    .   (no shield)
rNeg     . . .     Faith    .   a - +1 robe
rPois    +         Spirit   .   (helmet restricted)
rElec    +         Reflect  .   (no cloak)
rCorr    +         Harm     .   l - +2 pair of gloves
MR       .....                  m - +0 pair of boots
Stlth    ++........             (no amulet)
HPRegen  0.08/turn              (no ring)
MPRegen  0.13/turn              (no ring)

@: resistant
A: antennae 1, low mp 1, weak 1
a: no special abilities


You were on level 2 of the Dungeon.
You were hungry.

You visited 1 branch of the dungeon, and saw 3 of its levels.

You collected 63 gold pieces.

Inventory:

Hand Weapons
 n - a +1 dagger of speed (weapon)
Armour
 a - a +1 robe (worn)
 f - a cursed +0 leather armour
 l - a +2 pair of gloves (worn)
 m - a +0 pair of boots (worn)
Scrolls
 b - a scroll of teleportation {unknown}
 h - a scroll of identify {unknown}
Potions
 g - a potion of might {unknown}
 i - a potion of curing {unknown}
 k - a potion of agility {unknown}
Comestibles
 c - 2 rations
 j - a chunk of flesh


   Skills:
 - Level 2.4 Dodging
 - Level 2.4 Stealth
 * Level 5.1 Spellcasting
 + Level 2.5 Conjurations
 + Level 4.1 Fire Magic


You had 4 spell levels left.
You knew the following spells:

 Your Spells              Type           Power        Failure   Level  Hunger
a - Flame Tongue          Conj/Fire      ###..        2%          1    None
b - Throw Flame           Conj/Fire      ###...       4%          2    None
c - Conjure Flame         Conj/Fire      ###.....     9%          3    ##.....
d - Inner Flame           Hex/Fire       ##......     14%         3    ##.....

Your spell library contained the following spells:

 Spells                   Type           Power        Failure   Level  Hunger
 Fireball                 Conj/Fire      ###.......   58%         5    #####..
 Sticky Flame             Conj/Fire      ###.....     26%         4    ####...


Dungeon Overview and Level Annotations

Branches:
Dungeon (3/15)

Altars:


Innate Abilities, Weirdness & Mutations

You have a pair of small antennae on your head.
Your magical capacity is low. (-10% MP)
You are weak. (Str -2)


Message History

* * * LOW HITPOINT WARNING * * *
Unknown command.
Okay, then.
Okay, then.
A sky beast appears from thin air!
Reactivating autopickup.
The sky beast flickers out of sight!
Deactivating autopickup; reactivate with Ctrl-A.
Something hits you but does no damage.
Unknown command.
It was a potion of resistance.
You feel protected. Something barely misses you.
It was a potion of mutation.
You feel extremely strange.
You feel less energetic.
You feel weaker. A pair of antennae grows on your head! Something hits you.
* * * LOW HITPOINT WARNING * * *
Something shocks you. You resist.
You die...

#..#.# ########### #...>.
#########.........###.....
#......##.#######.........
#.####....# ##....###.#.##
#.####..#.# #.....###.....
#.##......# #...........##
#.##.#..#{# #.....##....#
#.#..#..#@# ##....##.#..#
#.........#######.......#
###.#####...............#
#.# #####.###).#.#..# #.#
#..........#....## #.#
#......#...##...^. #.#
#......#.......... #.#
#.<....#..........
#.#####......#.#.#######


There were no monsters in sight!

Vanquished Creatures
  An orc priest (D:3)
  2 adders (D:2)
  2 oozes
  A worm (D:2)
  2 dart slugs
  2 leopard geckos
  5 bats
  2 giant cockroaches
  4 goblins (D:1)
  4 hobgoblins
  3 jackals (D:1)
  5 kobolds
  A quokka (D:2)
  A ball python (D:2)
  2 frilled lizards (D:1)
  8 rats
45 creatures vanquished.

Vanquished Creatures (others)
  A bat (D:3)
1 creature vanquished.

Grand Total: 46 creatures vanquished

Notes
Turn   | Place    | Note
-------+----------+-------------------------------------------
     0 | D:1      | Kidiri the Deep Elf Fire Elementalist began the quest for the Orb.
     0 | D:1      | Reached XP level 1. HP: 10/10 MP: 6/6
   206 | D:1      | Reached XP level 2. HP: 15/15 MP: 4/8
   211 | D:1      | Learned a level 2 spell: Throw Flame
   462 | D:1      | Reached skill level 4 in Spellcasting
   627 | D:1      | Reached XP level 3. HP: 19/19 MP: 7/10
   635 | D:1      | Learned a level 3 spell: Conjure Flame
   639 | D:1      | Learned a level 3 spell: Inner Flame
  1176 | D:2      | Reached XP level 4. HP: 24/24 MP: 8/12
  1458 | D:3      | Noticed a sky beast
  1461 | D:3      | Reached skill level 5 in Spellcasting
  1501 | D:2      | Gained mutation: Your magical capacity is low. (-10% MP) [potion of mutation]
  1501 | D:2      | Gained mutation: You are weak. (Str -2) [potion of mutation]
  1501 | D:2      | Gained mutation: You have a pair of small antennae on your head. [potion of mutation]
  1501 | D:2      | HP: 1/24 [something (3)]
  1501 | D:2      | Slain by a sky beast

Vault maps used:
D:1:      dpeg_arrival_fog
D:3:      ebering_ghost_disaster_area, kennysheep_generic_room_15

Skill      XL: |  1  2  3  4 |
---------------+-------------+-----
Spellcasting   | 4 5 |  5.1
Conjurations   | 2 |  2.5
Fire Magic     | 4 |  4.1
Dodging        | |  2.4
Stealth        | |  2.4

Action                   |  1- 3 |  4- 6 || total
-------------------------+-------+-------++-------
Melee: Dagger            |     1 |     2 ||     3
 Cast: Flame Tongue      |    65 |    13 ||    78
  Use: Scroll            |     2 |       ||     2
       Potion            |       |     2 ||     2
 Stab: Sleeping          |       |     2 ||     2
  Eat: Chunk             |     1 |       ||     1
Armor: Robe              |     3 |     5 ||     8
Dodge: Dodged            |     6 |     4 ||    10

Table legend:
 A = Spawn XP
 B = Non-spawn XP
 C = Spawn XP percentage of total XP
 D = Spawn monster count
 E = Non-spawn monster count
 F = Spawn count percentage of total count
 G = Total turns spent on level
                    A         B        C        D         E        F      G
               +---------+---------+-------+---------+---------+-------+---------
         Total |       0 |     154 |   0.0 |       0 |      45 |   0.0 |  1501
               +---------+---------+-------+---------+---------+-------+---------
           D:1 |       0 |      48 |   0.0 |       0 |      24 |   0.0 |   864
           D:2 |       0 |      65 |   0.0 |       0 |      20 |   0.0 |   632
           D:3 |       0 |      41 |   0.0 |       0 |       1 |   0.0 |     5
               +---------+---------+-------+---------+---------+-------+---------
